 Dungeon Sprint DCSS version 0.18-a0-1745-gffa9a88 (webtiles) character file.

1 pipel the Chucker (level 1, -4/33 HPs)
             Began as an Ogre Hunter on Apr 11, 2016.
             Was an Initiate of Okawaru.
             Slain by a wight
             ... wielding a cursed +3 trident
              (9 damage)
             ... in the Dungeon (Sprint VII: "The Pits").
             The game lasted 00:01:00 (102 turns).

pipel the Chucker (Ogre Hunter)                      Turns: 102, Time: 00:01:00

Health: -4/33      AC:  3    Str: 21    XL:     1   Next: 20%
Magic:  1/1        EV: 10    Int: 10    God:    Okawaru [......]
Gold:   0          SH:  0    Dex: 10    Spells: 0 memorised, 0 levels left

rFire  . . .     SeeInvis .     l - +2 mace
rCold  . . .     Gourm    .     b - +0 robe
rNeg   . . .     Faith    .     (no shield)
rPois  .         Spirit   .     (helmet restricted)
rElec  .         Dismiss  .     (no cloak)
rCorr  .         Reflect  .     (gloves unavailable)
SustAt .         Harm     .     (boots unavailable)
MR     .....     NoTele   +     (no amulet)
Stlth  ..........               (no ring)
                                (no ring)

@: berserking, very slightly contaminated, invisible, very quick, not resistant
to hostile enchantments, extremely unstealthy
A: unfitting armour, tough skin 1
a: Renounce Religion


You were in the Dungeon.
You worshipped Okawaru.
Okawaru was noncommittal.
You were not hungry.

You visited 1 branch

Inventory:

Hand Weapons
 a - a +0 short sword
 l - a +2 mace (weapon)
Missiles
 c - 4 large rocks (quivered)
 d - 2 throwing nets
 p - 10 stones
Armour
 b - a +0 robe (worn)
Magical Staves
 q - an uncursed staff of energy
Scrolls
 k - a scroll of blinking
 r - 3 scrolls of remove curse
 s - 5 scrolls of amnesia
 t - a scroll of summoning
Potions
 e - a potion of curing
 h - a potion of haste
 i - 4 potions of magic
 j - 2 potions of berserk rage
 o - a potion of invisibility
Comestibles
 f - 8 bread rations
 m - 40 fruits
 n - 7 meat rations


   Skills:
 + Level 2.6 Fighting
 + Level 4.4 Throwing
 + Level 1.9 Dodging
 + Level 0.7 Stealth


You couldn't memorise any spells.
You didn't know any spells.

Dungeon Overview and Level Annotations

Branches:
Dungeon (1/1)

Altars:
Ashenzari
Cheibriados
Dithmenos
Elyvilon
Fedhas
Gozag
Kikubaaqudgha
Makhleb
Nemelex Xobeh
Okawaru
Pakellas
Qazlal
Ru
Sif Muna
Trog
Vehumet
Xom
Yredelemnul
Zin
The Shining One
Beogh
Jiyva
Lugonu


Innate Abilities, Weirdness & Mutations

You are too large for most types of armour.
You have tough skin (AC +1).


Message History

You can't drink that!
Drink which item? (? for menu, Esc to quit)
A red film seems to cover your vision as you go berserk!
You feel yourself moving faster!
You feel mighty! The sea snake closely misses you.
You now have 33/33 hp.
You hit the sea snake.
The sea snake is lightly wounded.
The sea snake bites you!
You take 14 damage, and have 19/33 hp.
MASSIVE DAMAGE!!
You miss the sea snake.
The sea snake is lightly wounded.
The wight closely misses you. The sea snake bites you!
* * * LOW HITPOINT WARNING * * *
You take 14 damage, and have 5/33 hp.
MASSIVE DAMAGE!!
You barely miss the sea snake.
The sea snake is lightly wounded.
The wight closely misses you. The sea snake closely misses you.
The wight hits you with an enchanted trident!
You die...

##### ____# ____#
'##############++######
.'..##.........z......#
.#?.##......#..#@.....#
'#####.........Sz.....+
.....'................+
+#####......#..#......#
#................#
####'#####('######
#.......##''#
#.......##..#
#.......##..#


You could see a sea snake and 2 wights.

Vanquished Creatures
  A bat (D)
1 creature vanquished.

Notes
Turn   | Place    | Note
--------------------------------------------------------------
     0 | D        | pipel the Ogre Hunter began the quest for the Orb.
     0 | D        | Reached XP level 1. HP: 22/22 MP: 1/1
    29 | D        | Found a sacrificial altar of Ru.
    29 | D        | Found a basalt altar of Yredelemnul.
    29 | D        | Found a glowing golden altar of the Shining One.
    29 | D        | Found a deep blue altar of Sif Muna.
    29 | D        | Found a burning altar of Makhleb.
    29 | D        | Found an ancient bone altar of Kikubaaqudgha.
    29 | D        | Found a glowing silver altar of Zin.
    30 | D        | Found a shadowy altar of Dithmenos.
    30 | D        | Found a bloodstained altar of Trog.
    30 | D        | Found a shattered altar of Ashenzari.
    30 | D        | Found a white marble altar of Elyvilon.
    30 | D        | Found a snail-covered altar of Cheibriados.
    30 | D        | Found a blossoming altar of Fedhas.
    30 | D        | Found a radiant altar of Vehumet.
    30 | D        | Found a shimmering altar of Xom.
    30 | D        | Found a sparkling altar of Nemelex Xobeh.
    30 | D        | Found a corrupted altar of Lugonu.
    30 | D        | Found a viscous altar of Jiyva.
    30 | D        | Found a roughly hewn altar of Beogh.
    30 | D        | Found an iron altar of Okawaru.
    31 | D        | Found an oddly glowing altar of Pakellas.
    34 | D        | Found a stormy altar of Qazlal.
    35 | D        | Found an opulent altar of Gozag.
    37 | D        | Became a worshipper of Warmaster Okawaru
    80 | D        | Noticed a steam dragon
    80 | D        | Noticed a wight
    80 | D        | Noticed a wight
    80 | D        | Noticed a sea snake
   102 | D        | Slain by a wight

Vault maps used:
D:        pitsprint

Action                   || total
-------------------------++-------
Melee: Mace              ||     3
       Short sword       ||     1
Throw: Large rock        ||     1
  Use: Potion            ||     3
